 Dungeon Crawl Stone Soup version 0.28-a0-1415-g7c84da036a (webtiles) character file.

Game seed: 6429339443103677038

0 eustatius the Vexing (level 1, -3/10 HPs)
             Began as a Deep Elf Wanderer on Jan 8, 2022.
             Slain by a kobold (4 damage)
             ... on level 1 of the Dungeon.
             The game lasted 00:01:26 (51 turns).

eustatius the Vexing (Deep Elf Wanderer)              Turns: 51, Time: 00:01:26

Health: -3/10      AC:  2    Str:  7    XL:     1   Next: 8%
Magic:  6/6        EV: 11    Int: 16    God:
Gold:   8          SH:  0    Dex: 16    Spells: 4/6 levels left

rFire   . . .      SeeInvis .   a - +0 dagger
rCold   . . .      Faith    .   (no shield)
rNeg    . . .      Spirit   .   c - +0 robe
rPois   .          Reflect  .   (no helmet)
rElec   .          Harm     .   (no cloak)
rCorr   .          Rampage  .   (no gloves)
Will    .....                   (no boots)
Stlth   +.........              (no amulet)
HPRegen 0.03/turn               (no ring)
MPRegen 0.10/turn               (no ring)

@: no status effects
A: no striking features
a: no special abilities


You were on level 1 of the Dungeon.
You visited 1 branch of the dungeon, and saw 1 of its levels.

You collected 8 gold pieces.

Inventory:

Hand Weapons
 a - a +0 dagger (weapon)
Missiles
 b - 9 boomerangs (quivered)
Armour
 c - a +0 robe (worn)


   Skills:
 - Level 2.0 Throwing
 * Level 3.0 Spellcasting
 * Level 4.0 Hexes
 * Level 3.3 Translocations


You had 4 spell levels left.
You knew the following spells:

 Your Spells              Type           Power      Damage    Failure   Level
a - Slow                  Hex            60%        N/A       3%          1
b - Apportation           Tloc           26%        N/A       4%          1

Your spell library contained the following spells:

 Spells                   Type           Power      Damage    Failure   Level
 Confusing Touch          Hex            15%        N/A       11%         3
 Portal Projectile        Hex/Tloc       28%        N/A       12%         3
 Inner Flame              Hex/Fire       8%         N/A       24%         3


Dungeon Overview and Level Annotations

Branches:
Dungeon (1/15)

Altars:


Message History

Okay, then.
Okay, then.
You open the door.
There is an open door here.
You now have 8 gold pieces.
Found 20 stones. 2 kobolds come into view.
Throw: 10 boomerangs
Press: ? - help, Q - select action, (/) - cycle Shift-Dir - straight line, f - kobold
Aim: a kobold, wielding a +0 dagger (asleep, 98% to hit)
You throw a boomerang. The boomerang hits the kobold.
You kill the kobold!
Found a robe.
The kobold shouts!
Throw: 10 boomerangs
Press: ? - help, Q - select action, (/) - cycle Shift-Dir - straight line, f - kobold
Aim: a kobold, wielding a +0 dagger (53% to hit)
You throw a boomerang. The boomerang misses the kobold.
Unknown command.
Throw: 10 boomerangs
Press: ? - help, Q - select action, (/) - cycle Shift-Dir - straight line, f/p - kobold
Aim: a kobold, wielding a +0 dagger (53% to hit)
You throw a boomerang.
The boomerang closely misses the kobold.
Throw: 10 boomerangs
Press: ? - help, Q - select action, (/) - cycle Shift-Dir - straight line, f/p - kobold
Aim: a kobold, wielding a +0 dagger (53% to hit)
You throw a boomerang.
The boomerang closely misses the kobold.
The kobold hits you with a +0 dagger.
Throw: 9 boomerangs
Press: ? - help, Q - select action, (/) - cycle Shift-Dir - straight line, f/p - kobold
Aim: a kobold, wielding a +0 dagger (53% to hit)
You throw a boomerang.
The boomerang closely misses the kobold.
The kobold hits you with a +0 dagger. x2
You barely miss the kobold. The kobold hits you with a +0 dagger.
* * * LOW HITPOINT WARNING * * *
You barely miss the kobold. The kobold hits you with a +0 dagger.
You die...

#.# #.##......#
#.######.##......#### #
#.'..>##.##.........#.#
####.##.......####..#.#
#.########.# .....# #.#
#.# .....##
#<########.## ......#
###.........##K).##.#
.###.##...@.....[# #
#.......##.#
##.##....(.. ....
......# .............
###.###...#### #. #..#
#. ...


You could see a kobold.

Vanquished Creatures
  A kobold (D:1)
1 creature vanquished.

Notes
Turn   | Place    | Note
-------+----------+-------------------------------------------
     0 | D:1      | eustatius the Deep Elf Wanderer began the quest for the
                  | Orb.
     0 | D:1      | eustatius set off with the following items: a +0 dagger, 10
                  | boomerangs, a +0 robe; and the following spells available
                  | to memorise: Slow, Apportation, Confusing Touch, Portal
                  | Projectile, Inner Flame
     0 | D:1      | Reached XP level 1. HP: 10/10 MP: 6/6
     2 | D:1      | Learned a level 1 spell: Slow
     4 | D:1      | Learned a level 1 spell: Apportation
    51 | D:1      | Slain by a kobold

Illustrated notes

Levels and vault maps discovered:
D:1:      amcnicky_arrival_choice, layout_basic, st_stairs_3,
          minmay_misc_feat_columns

Action                   || total
-------------------------++-------
Melee: Dagger            ||     2
Throw: Boomerang         ||     5

Table legend: (Time is in decaauts)
 A = Elapsed time spent in this place.
 B = Non-inter-level travel time spent in this place.
 C = Inter-level travel time spent in this place.
 D = Time resting spent in this place.
 E = Time spent auto-exploring this place.
 F = Levels seen in this place.
 G = Mean time per level.
                   A        B        C        D        E       F      G
               +--------+--------+--------+--------+--------+-----+--------+
         Total |     52 |     52 |      0 |      0 |     33 |   1 |   52.0 |
       Dungeon |     52 |     52 |      0 |      0 |     33 |   1 |   52.0 |
               +--------+--------+--------+--------+--------+-----+--------+

Top non-repeatable levels by time:
     D:1: 52 daAuts
